[Event "Late-Titled-Tuesday-Blitz-August-29-2023"]
[Site "Chess.com"]
[Date "2023.08.29"]
[Round "1"]
[White "Eternauta2400"]
[Black "jcmesafischer"]
[Result "1-0"]
[WhiteElo "2835"]
[BlackElo "2448"]
[TimeControl "180+1"]
[EndTime "14:01:20 PDT"]
[Termination "Eternauta2400 won by resignation"]

1. c4 Nf6 2. Nc3 e6 3. e4 d5 4. cxd5 exd5 5. e5 d4 6. exf6 dxc3 7. Bb5+ c6 8. Qe2+ Be6 9. Bc4 Qxf6 10. dxc3 Nd7 11.
Bxe6 Qxe6 12. Qxe6+ fxe6 13. Nf3 h6 14. O-O Kf7 15.
Rd1 Rd8 16. Be3 b6 17. Ne5+ Ke8 18. Nxc6 Rc8 19. Nxa7 Ra8 20. Nb5 Ne5 21. Nc7+ 1-0

[Event "Late-Titled-Tuesday-Blitz-August-29-2023"]
[Site "Chess.com"]
[Date "2023.08.29"]
[Round "1"]
[White "HansOnTwitch"]
[Black "tgpgoat"]
[Result "1-0"]
[WhiteElo "3002"]
[BlackElo "2502"]
[TimeControl "180+1"]
[EndTime "14:01:50 PDT"]
[Termination "HansOnTwitch won by resignation"]

1. e4 c5 2. Nf3 e6 3. d4 cxd4 4.
Nxd4 Nc6 5. Nc3 Qc7 6. Be2 a6 7. Nxc6 bxc6 8. Qd3 Nf6 9. Qg3 Qxg3 10. hxg3 Bb4 11.
Bd2 d6 12. g4 O-O 13. f3 Bb7 14. g5 Nd7 15. O-O-O d5 16. Rh4 Rfd8 17. exd5 cxd5 18. Rxb4 1-0

[Event "Late-Titled-Tuesday-Blitz-August-29-2023"]
[Site "Chess.com"]
[Date "2023.08.29"]
[Round "1"]
[White "vladislavkovalev"]
[Black "ATM622"]
[Result "1-0"]
[WhiteElo "2909"]
[BlackElo "2482"]
[TimeControl "180+1"]
[EndTime "14:02:25 PDT"]
[Termination "vladislavkovalev won by resignation"]

1. e4 c6 2. Nf3 d5 3. d3 g6 4. Nbd2 Bg7 5. g3 e5 6. Bg2 Nd7 7. O-O Ne7 8. Re1 O-O 9. a4 b6 10. a5 Bb7 11. a6 Bc8 12. exd5 cxd5 13. c4 Nc5 14. Nxe5 Nxa6 15. cxd5 Nxd5 16. Nc6 Qd6 17. Bxd5 Bb7 18. Ne7+ 1-0

[Event "Late-Titled-Tuesday-Blitz-August-29-2023"]
[Site "Chess.com"]
[Date "2023.08.29"]
[Round "1"]
[White "AvitalBor"]
[Black "bipe137"]
[Result "1-0"]
[WhiteElo "2741"]
[BlackElo "2424"]
[TimeControl "180+1"]
[EndTime "14:02:43 PDT"]
[Termination "AvitalBor won by resignation"]

1. e4 c5 2. Nc3 e6 3. g3 d5 4. Bg2 d4 5. Nce2 e5 6. f4 Nc6 7. Nf3 exf4 8. Nxf4 Nf6 9. O-O Be7 10. e5 Nd5 11. Nxd5 Qxd5 12. Ng5 Qd7 13. Nxf7 O-O 14.
Qh5 Qe6 15. Ng5 Rxf1+ 16. Bxf1 Bxg5 17. Bc4 1-0

[Event "Late-Titled-Tuesday-Blitz-August-29-2023"]
[Site "Chess.com"]
[Date "2023.08.29"]
[Round "1"]
[White "vincentmasuka"]
[Black "schachlana"]
[Result "1-0"]
[WhiteElo "2603"]
[BlackElo "2290"]
[TimeControl "180+1"]
[EndTime "14:02:46 PDT"]
[Termination "vincentmasuka won by resignation"]

1. c4 g6 2. g3 Bg7 3. Bg2 d6 4. Nc3 e5 5. Nf3 f5 6. d3 Nf6 7. O-O O-O 8. Rb1 Be6 9. Ng5 Qc8 10. Nxe6 Qxe6 11. Bxb7 Nbd7 12. Bxa8 Rxa8 13. b4 f4 14. e3 Nh5 15. Nd5 Rf8 16. exf4 Qh3 17.
Qf3 exf4 18. Qg2 Qf5 19. Ne7+ 1-0

[Event "Late-Titled-Tuesday-Blitz-August-29-2023"]
[Site "Chess.com"]
[Date "2023.08.29"]
[Round "1"]
[White "Goffredo_Fofi"]
[Black "ChEsper99"]
[Result "1-0"]
[WhiteElo "2543"]
[BlackElo "2130"]
[TimeControl "180+1"]
[EndTime "14:02:50 PDT"]
[Termination "Goffredo_Fofi won by resignation"]

1. g3 d5 2. Bg2 c6 3. b3 Nf6 4.
Bb2 Bf5 5. d3 e6 6. Nd2 Bd6 7.
e4 dxe4 8. dxe4 Bg4 9. f3 Bh5 10. e5 Be7 11. exf6 Bxf6 12. Bxf6 Qxf6 13. Ne4 Qe5 14. Ne2 O-O 15. Qd4 Qa5+ 16. Qc3 Qb6 17.
Qc5 Qc7 18. Qxh5 1-0

[Event "Late-Titled-Tuesday-Blitz-August-29-2023"]
[Site "Chess.com"]
[Date "2023.08.29"]
[Round "1"]
[White "colegiodemadrid"]
[Black "KNVB"]
[Result "0-1"]
[WhiteElo "2441"]
[BlackElo "2822"]
[TimeControl "180+1"]
[EndTime "14:02:53 PDT"]
[Termination "KNVB won by resignation"]

1. e4 c5 2. Nf3 e6 3. d4 cxd4 4. Nxd4 Nc6 5. Nc3 Qc7 6. g3 a6 7. Bg2 Nf6 8. O-O Nxd4 9. Qxd4 Bc5 10. Bf4 d6 11. Qd2 h6 12. Rad1 e5 13. Be3 Bg4 14. f3 Be6 15. f4 Ng4 16. Bxc5 Qxc5+ 17. Kh1 Ne3 18. Na4 Nxf1 19. Nxc5 Nxd2 20. Nxb7 Nc4 21. b3 Ne3 0-1

[Event "Late-Titled-Tuesday-Blitz-August-29-2023"]
[Site "Chess.com"]
[Date "2023.08.29"]
[Round "1"]
[White "Chess_Star1234"]
[Black "sergoy"]
[Result "0-1"]
[WhiteElo "2499"]
[BlackElo "2959"]
[TimeControl "180+1"]
[EndTime "14:03:34 PDT"]
[Termination "sergoy won by resignation"]

1. d4 Nf6 2. c4 e6 3. Nc3 Bb4 4. Qc2 O-O 5. a3 Bxc3+ 6. Qxc3 b6 7. Bg5 Bb7 8. Nf3 h6 9. Bxf6 Qxf6 10. g3 Bxf3 11. Qxf3 Qxd4 12. Qxa8 Nc6 13. Qb7 Qxb2 14. Rd1 Qc3+ 15. Rd2 Qc1+ 16. Rd1 Qc3+ 17. Rd2 Nd4 18. f3 Qc1+ 19. Rd1 Nc2+ 20. Kf2 Qxd1 21. Qxc7 Qd4+ 22.
Kg2 Ne3+ 23. Kh3 g5 24. Bg2 g4+ 0-1

[Event "Late-Titled-Tuesday-Blitz-August-29-2023"]
[Site "Chess.com"]
[Date "2023.08.29"]
[Round "1"]
[White "superfast64"]
[Black "promen1999"]
[Result "0-1"]
[WhiteElo "2453"]
[BlackElo "2850"]
[TimeControl "180+1"]
[EndTime "14:03:38 PDT"]
[Termination "promen1999 won by resignation"]

1. d4 d5 2. Bg5 h5 3. h3 Nh6 4. e3 Nf5 5. Bd3 Nc6 6. Nf3 f6 7.
Bf4 g5 8. Bh2 Be6 9. c3 Qd7 10.
Nbd2 O-O-O 11. e4 Nd6 12. Qe2 Bh6 13. O-O-O g4 14. hxg4 hxg4 15. Ne1 dxe4 16. Bxe4 Nxe4 17. Qxe4 Bf5 18. Qe2 Nb4 19. b3 Nxa2+ 20. Kb2 Nxc3 21. Qc4 Nxd1+ 22. Ka2 Bxd2 0-1

[Event "Late-Titled-Tuesday-Blitz-August-29-2023"]
[Site "Chess.com"]
[Date "2023.08.29"]
[Round "1"]
[White "Mourinho_Jose"]
[Black "Beca95"]
[Result "0-1"]
[WhiteElo "2495"]
[BlackElo "2946"]
[TimeControl "180+1"]
[EndTime "14:03:41 PDT"]
[Termination "Beca95 won by resignation"]

1. Nf3 g6 2. g3 Bg7 3. d4 d6 4. Bg2 Nd7 5. O-O e5 6. c4 Nh6 7. dxe5 dxe5 8. Bg5 f6 9. Bxh6 Bxh6 10. Nc3 O-O 11.
Nd2 f5 12. b4 e4 13. f4 exf3 14. Nxf3 Be3+ 15. Kh1 c6 16. Qd3 Qe7 17. Rad1 Nf6 18. Qd6 Qxd6 19. Rxd6 Kg7 20. Ng5 Bxg5 0-1

[Event "Late-Titled-Tuesday-Blitz-August-29-2023"]
[Site "Chess.com"]
[Date "2023.08.29"]
[Round "1"]
[White "chessmateto"]
[Black "Zkid"]
[Result "0-1"]
[WhiteElo "2455"]
[BlackElo "2853"]
[TimeControl "180+1"]
[EndTime "14:03:43 PDT"]
[Termination "Zkid won by resignation"]

1. c4 e5 2. Nc3 Nf6 3. g3 d5 4. cxd5 Nxd5 5. Bg2 Nb6 6. Nf3 Nc6 7. O-O Be7 8. a3 O-O 9. b4 Be6 10. d3 f6 11. Ne4 a5 12. Nc5 Bc8 13. Bd2 axb4 14. axb4 Rxa1 15. Qxa1 Nd5 16. Nxe5 Nxe5 17. Qa2 c6 18. e4 Bxc5 19. bxc5 Be6 20. exd5 Bxd5 21. Bxd5+ Qxd5 22. Qxd5+ cxd5 23. d4 Nf3+ 0-1

[Event "Late-Titled-Tuesday-Blitz-August-29-2023"]
[Site "Chess.com"]
[Date "2023.08.29"]
[Round "1"]
[White "TheMagician"]
[Black "dcremisi"]
[Result "0-1"]
[WhiteElo "2158"]
[BlackElo "2549"]
[TimeControl "180+1"]
[EndTime "14:04:00 PDT"]
[Termination "dcremisi won by resignation"]

1. d4 Nf6 2. c4 c5 3. d5 b5 4.
cxb5 a6 5. bxa6 Bxa6 6. Nc3 g6 7.
Nf3 d6 8. Nd2 Bg7 9. e4 Bxf1 10.
Nxf1 O-O 11. Ne3 Qa5 12. O-O Nbd7 13. Qe2 Rfb8 14. Nc4 Qa6 15. Re1 Nb6 16. Nxb6 Qxe2 17. Rxe2 Rxb6 18. e5 dxe5 19. Rxe5 Kf8 20. Kf1 Ng4 21.
Re4 f5 22. Rc4 Nxh2+ 23. Kg1 Ng4 24. f3 Bd4+ 25. Kf1 Ne5 26. Ra4 Rab8 27. Ra7 Bxc3 28.
bxc3 Rb1 29. Ke2 Rxa1 30. Bf4 Rb2+ 31. Bd2 Nc4 32. Kd3 Nxd2 33. d6 exd6 34. Ra8+ Kg7 35. Ra7+ Kh6 36. Rxh7+ Kxh7 0-1

[Event "Late-Titled-Tuesday-Blitz-August-29-2023"]
[Site "Chess.com"]
[Date "2023.08.29"]
[Round "1"]
[White "js20000"]
[Black "jaldjald"]
[Result "1-0"]
[WhiteElo "2630"]
[BlackElo "2324"]
[TimeControl "180+1"]
[EndTime "14:04:02 PDT"]
[Termination "js20000 won by resignation"]

1. b3 e5 2. Bb2 Nc6 3. e4 Nf6 4. Nc3 Bc5 5. Bc4 d6 6. Nf3 O-O 7. O-O Bg4 8. h3 Bh5 9. Be2 Bxf3 10. Bxf3 Nd4 11. Na4 Nxf3+ 12. Qxf3 Bb6 13. Nxb6 axb6 14.
d4 exd4 15. Bxd4 Re8 16. Rfe1 Nd7 17. a4 Ne5 18. Qg3 f6 19. Rad1 Qd7 20. f4 Nc6 21. Bxf6 Qf7 22. Bc3 Re7 23. Rd5 Rae8 24. Bxg7 Rxe4 25.
Rxe4 Rxe4 26. Bh6+ Kh8 27. Rf5 Re1+ 28. Qxe1 Qxf5 29.
Qe8+ 1-0

[Event "Late-Titled-Tuesday-Blitz-August-29-2023"]
[Site "Chess.com"]
[Date "2023.08.29"]
[Round "1"]
[White "GoltsevDmitry2000"]
[Black "Garmendiarov"]
[Result "1-0"]
[WhiteElo "2602"]
[BlackElo "2301"]
[TimeControl "180+1"]
[EndTime "14:04:02 PDT"]
[Termination "GoltsevDmitry2000 won by checkmate"]

1. e4 c5 2. Nf3 d6 3. d4 cxd4 4. Nxd4 Nf6 5. Nc3 a6 6. Be2 e5 7. Nb3 Be7 8. Be3 Be6 9. O-O O-O 10. f4 Qc7 11. f5 Bc4 12. Bd3 Nbd7 13. Nd2 b5 14. g4 d5 15. g5 Nxe4 16. Ncxe4 dxe4 17. Nxe4 Bxd3 18. cxd3 f6 19. g6 Qb7 20. Qh5 h6 21. Bxh6 Rfd8 22. Bxg7 Nf8 23. Qh8# 1-0

[Event "Late-Titled-Tuesday-Blitz-August-29-2023"]
[Site "Chess.com"]
[Date "2023.08.29"]
[Round "1"]
[White "gunslinger222"]
[Black "Elsa167"]
[Result "0-1"]
[WhiteElo "2464"]
[BlackElo "2875"]
[TimeControl "180+1"]
[EndTime "14:04:03 PDT"]
[Termination "Elsa167 won by resignation"]

1. d4 Nf6 2. c4 e6 3. Nf3 c5 4. d5 d6 5. Nc3 exd5 6. cxd5 g6 7. h3 Bg7 8. e4 O-O 9. Bd3 Re8 10. O-O Nbd7 11.
Bg5 Ne5 12. Nxe5 Rxe5 13. f4 Rxg5 14. fxg5 Nd7 15. Qd2 Ne5 16. Kh1 Bd7 17. Bb5 Bxb5 18. Nxb5 a6 19. Nc3 b5 20. a4 Nc4 21. Ne2 Nxd2 0-1

[Event "Late-Titled-Tuesday-Blitz-August-29-2023"]
[Site "Chess.com"]
[Date "2023.08.29"]
[Round "1"]
[White "Macron20hTF1"]
[Black "KafkaesqueKnight"]
[Result "1-0"]
[WhiteElo "2624"]
[BlackElo "2321"]
[TimeControl "180+1"]
[EndTime "14:04:03 PDT"]
[Termination "Macron20hTF1 won by resignation"]

1. Nf3 d5 2. e3 Nf6 3. c4 e6 4. Nc3 Be7 5. b3 O-O 6. Bb2 b6 7.
cxd5 exd5 8. d4 c5 9. Bd3 Bg4 10. O-O Re8 11. h3 Bh5 12. dxc5 bxc5 13. Be2 Nc6 14. Rc1 Rc8 15. Na4 Qa5 16. Bxf6 gxf6 17.
Qxd5 Bg6 18. Nh4 Nb4 19. Qf3 Nxa2 20. Rc4 Red8 21. Nf5 Bf8 22. h4 h5 23. g4 Rd5 24. Qxd5 1-0

[Event "Late-Titled-Tuesday-Blitz-August-29-2023"]
[Site "Chess.com"]
[Date "2023.08.29"]
[Round "1"]
[White "h4parah5"]
[Black "KrokerGuy"]
[Result "1-0"]
[WhiteElo "2972"]
[BlackElo "2500"]
[TimeControl "180+1"]
[EndTime "14:04:04 PDT"]
[Termination "h4parah5 won by resignation"]

1. d4 d5 2. Nf3 Nf6 3. Bf4 c5 4. e3 Nc6 5. Nbd2 e6 6. c3 Bd6 7. Bg3 O-O 8. Bd3 g6 9. Bh4 Be7 10. dxc5 Bxc5 11. e4 dxe4 12. Nxe4 Be7 13. Bxf6 Bxf6 14.
Nxf6+ Qxf6 15. Qe2 e5 16. O-O Bg4 17. Be4 Rad8 18. Rad1 Bf5 19. Bxc6 Qxc6 20. Qxe5 Qa4 21. Nd4 Rfe8 22. Qf6 Bg4 23. Nf5 1-0

[Event "Late-Titled-Tuesday-Blitz-August-29-2023"]
[Site "Chess.com"]
[Date "2023.08.29"]
[Round "1"]
[White "Tsyhanchuk_Stanislav"]
[Black "I_am_Javi"]
[Result "0-1"]
[WhiteElo "2423"]
[BlackElo "2734"]
[TimeControl "180+1"]
[EndTime "14:04:07 PDT"]
[Termination "I_am_Javi won by resignation"]

1. e4 e5 2. Nf3 Nc6 3. Bc4 g6 4. O-O Bg7 5. c3 d6 6. a4 Nge7 7. b4 a6 8. Bb2 O-O 9. d3 h6 10. Nbd2 Kh7 11. Nb3 f5 12. b5 axb5 13. axb5 Rxa1 14. Qxa1 Nb8 15. Nfd2 Nd7 16. d4 f4 17. Nc1 g5 18. f3 Ng6 19. h3 h5 20. Be2 Nf6 21. Nd3 g4 22. hxg4 hxg4 23. Kf2 Nxe4+ 24. Nxe4 Qh4+ 25. g3 fxg3+ 26. Nxg3 Qh2+ 27. Ke1 Qxg3+ 28. Kd2 Bh6+ 29. Kc2 gxf3 0-1

[Event "Late-Titled-Tuesday-Blitz-August-29-2023"]
[Site "Chess.com"]
[Date "2023.08.29"]
[Round "1"]
[White "whiteglovethief"]
[Black "Karacsonyi_Gellert"]
[Result "0-1"]
[WhiteElo "2451"]
[BlackElo "2846"]
[TimeControl "180+1"]
[EndTime "14:04:09 PDT"]
[Termination "Karacsonyi_Gellert won by resignation"]

1. d4 Nf6 2. c4 e6 3. Nf3 d5 4. g3 dxc4 5. Bg2 Bd7 6. Nbd2 Bb4 7. O-O Bb5 8. Ne5 Nc6 9. Bxc6+ Bxc6 10. Nxc6 bxc6 11.
Nxc4 O-O 12. Qa4 Be7 13. Rd1 Qd5 14. Ne5 c5 15. Nc6 Bd6 16. dxc5 Qxc5 17. Be3 Qh5 18. f3 Nd5 19. Bf2 f5 20. e4 fxe4 21. fxe4 Rxf2 22. Kxf2 Qxh2+ 23. Ke1 Bxg3+ 0-1

[Event "Late-Titled-Tuesday-Blitz-August-29-2023"]
[Site "Chess.com"]
[Date "2023.08.29"]
[Round "1"]
[White "IgorBjelobrk"]
[Black "Jojo_898"]
[Result "1-0"]
[WhiteElo "2677"]
[BlackElo "2369"]
[TimeControl "180+1"]
[EndTime "14:04:12 PDT"]
[Termination "IgorBjelobrk won by resignation"]

1. d4 Nf6 2. c4 e6 3. g3 d5 4. Nf3 Nbd7 5. Qc2 Ne4 6. Bg2 c6 7.
O-O f5 8. Nc3 Bd6 9. Nxe4 dxe4 10. Ng5 Nf6 11. f3 exf3 12. Nxf3 O-O 13. c5 Bc7 14.
Bf4 Bxf4 15. gxf4 Nd5 16. Qd2 b6 17. Rac1 Bb7 18. Ne5 Qe8 19. Rf3 Rd8 20. Rg3 b5 21. Bf3 Nf6 22. Kh1 Kh8 23. Rcg1 Rg8 24. e3 Qe7 25.
Rh3 Rgf8 26. Ng6+ 1-0

[Event "Late-Titled-Tuesday-Blitz-August-29-2023"]
[Site "Chess.com"]
[Date "2023.08.29"]
[Round "1"]
[White "BillieKimbah"]
[Black "Lion_DL"]
[Result "1-0"]
[WhiteElo "3039"]
[BlackElo "2511"]
[TimeControl "180+1"]
[EndTime "14:04:18 PDT"]
[Termination "BillieKimbah won by resignation"]

1. d4 Nf6 2. Nf3 e6 3. Bg5 h6 4.
Bh4 d5 5. e3 c5 6. Nbd2 Nc6 7.
c3 Be7 8. Bd3 b6 9. Ne5 Nxe5 10.
dxe5 Nd7 11. Bg3 Qc7 12. Qg4 O-O 13. Nf3 c4 14. Bc2 Nc5 15. Bf4 Kh8 16. Qh5 Nd3+ 17. Bxd3 cxd3 18. Bxh6 gxh6 19. Qxh6+ Kg8 20. h4 f5 21. Rh3 Kf7 22. Qh5+ 1-0

[Event "Late-Titled-Tuesday-Blitz-August-29-2023"]
[Site "Chess.com"]
[Date "2023.08.29"]
[Round "1"]
[White "FeketeBarika"]
[Black "bescmelasti"]
[Result "0-1"]
[WhiteElo "2343"]
[BlackElo "2653"]
[TimeControl "180+1"]
[EndTime "14:04:19 PDT"]
[Termination "bescmelasti won by resignation"]

1. Nf3 c5 2. g3 Nc6 3. c4 g6 4.
Nc3 Bg7 5. Bg2 d6 6. O-O Bf5 7. d3 Qd7 8. Re1 Bh3 9. Bh1 h5 10. Ng5 h4 11. Nxh3 hxg3 12. Ng5 gxh2+ 13. Kf1 f6 14. e3 fxg5 15. Qf3 Nf6 16. Qg2 g4 17. e4 Nd4 18. Be3 Nc2 19. Rac1 Nxe1 20. Rxe1 e5 21.
Nd5 Nxd5 22. cxd5 O-O-O 23. b4 b6 24. bxc5 bxc5 25. Rb1 Bh6 26. Bxh6 Rxh6 27. Ke2 Kc7 28. Qf1 Rb8 29. Rxb8 Kxb8 30. Qc1 Rh5 31. Qb2+ Qb7 32. Qc2 Qb4 33. Kf1 Kc7 34. Kg2 Qe1 0-1

[Event "Late-Titled-Tuesday-Blitz-August-29-2023"]
[Site "Chess.com"]
[Date "2023.08.29"]
[Round "1"]
[White "ural58"]
[Black "FairChess_on_YouTube"]
[Result "0-1"]
[WhiteElo "2515"]
[BlackElo "3055"]
[TimeControl "180+1"]
[EndTime "14:04:21 PDT"]
[Termination "FairChess_on_YouTube won by resignation"]

1. e4 c5 2. b3 g6 3. Bb2 Nf6 4. e5 Nd5 5. Nc3 Nxc3 6. dxc3 Bg7 7. Qd5 Nc6 8. Qxc5 Nxe5 9. O-O-O O-O 10. h4 d6 11. Qe3 Ng4 12. Qe1 Qb6 13. Nh3 a5 14. a4 Be6 15. c4 Bxb2+ 16. Kxb2 Rac8 17.
Be2 h5 18. Bxg4 Bxg4 19. f3 Bxh3 20. Rxh3 Rxc4 21. Qxe7 Rfc8 22. Rd2 Qb4 23. Qe3 Rc3 24. Qe4 Rxb3+ 25. cxb3 Qxd2+ 0-1

[Event "Late-Titled-Tuesday-Blitz-August-29-2023"]
[Site "Chess.com"]
[Date "2023.08.29"]
[Round "1"]
[White "Jospem"]
[Black "Gameking51"]
[Result "1-0"]
[WhiteElo "3056"]
[BlackElo "2515"]
[TimeControl "180+1"]
[EndTime "14:04:30 PDT"]
[Termination "Jospem won by resignation"]

1. e4 c5 2. Nf3 d6 3. c3 Nf6 4. h3 Nbd7 5. Bd3 b6 6. O-O Bb7 7. Qe2 Qc7 8. Bc2 Rc8 9. d3 g6 10. Na3 a6 11. d4 Bg7 12. Re1 O-O 13. Bg5 b5 14. Bd3 h6 15. Bd2 e5 16. d5 c4 17. Bc2 Nh7 18. b3 cxb3 19. axb3 Kh8 20. c4 bxc4 21. Nxc4 Rb8 22. Ba5 Qc5 23. b4 Qb5 24.
Ba4 1-0

[Event "Late-Titled-Tuesday-Blitz-August-29-2023"]
[Site "Chess.com"]
[Date "2023.08.29"]
[Round "1"]
[White "vidavi"]
[Black "dropstoneDP"]
[Result "0-1"]
[WhiteElo "2501"]
[BlackElo "2972"]
[TimeControl "180+1"]
[EndTime "14:04:32 PDT"]
[Termination "dropstoneDP won by resignation"]

1. d4 d5 2. c4 e6 3. Nf3 Nf6 4. g3 Be7 5. Bg2 O-O 6. O-O dxc4 7. Qc2 a6 8. Qxc4 b5 9. Qc2 Bb7 10. Bd2 Be4 11. Qc1 Nc6 12. e3 b4 13. Rd1 Qd5 14. Ne1 Bxg2 15. Nxg2 e5 16. Be1 exd4 17. Nf4 Qd7 18. Nd2 dxe3 19. Ne4 Qe8 20. Qxe3 Nxe4 21. Qxe4 Bf6 22. Qc2 Nd4 23. Qd3 Qc6 24. Bxb4 Rfd8 25. Kf1 0-1

[Event "Late-Titled-Tuesday-Blitz-August-29-2023"]
[Site "Chess.com"]
[Date "2023.08.29"]
[Round "1"]
[White "mishanick"]
[Black "NMJeevanK"]
[Result "1-0"]
[WhiteElo "3138"]
[BlackElo "2520"]
[TimeControl "180+1"]
[EndTime "14:04:35 PDT"]
[Termination "mishanick won by resignation"]

1. d4 d6 2. e4 Nf6 3. Nc3 e5 4. Nf3 Nbd7 5. Bc4 Be7 6. O-O O-O 7. a4 a6 8. Re1 b6 9. h3 Bb7 10. Ba2 c6 11. Nh4 g6 12. Bh6 Re8 13. Nf3 Bf8 14. Bxf8 Rxf8 15. Qd2 Qe7 16. Rad1 Rad8 17. Qh6 exd4 18. Nxd4 Nc5 19. Nf5 gxf5 20. exf5 Nce4 21. Rd3 Kh8 22. Nxe4 Nxe4 23. Rxe4 Qd7 24. Qf6+ 1-0

[Event "Late-Titled-Tuesday-Blitz-August-29-2023"]
[Site "Chess.com"]
[Date "2023.08.29"]
[Round "1"]
[White "MelihKaanCan"]
[Black "AradNazari"]
[Result "1-0"]
[WhiteElo "2464"]
[BlackElo "2726"]
[TimeControl "180+1"]
[EndTime "14:04:35 PDT"]
[Termination "MelihKaanCan won by checkmate"]

1. e4 e6 2. Nf3 d5 3. exd5 exd5 4. Be2 Bd6 5. O-O Ne7 6. b3 O-O 7. Bb2 c5 8. d4 b6 9. Re1 Bb7 10. Nc3 a6 11. Bf1 Nbc6 12. Ne2 Bc7 13. Ng3 Qd7 14. Bd3 Nb4 15. Bxh7+ Kxh7 16. Ng5+ Kg6 17. Qh5+ Kf6 18.
Nh7# 1-0

[Event "Late-Titled-Tuesday-Blitz-August-29-2023"]
[Site "Chess.com"]
[Date "2023.08.29"]
[Round "1"]
[White "DanielNaroditsky"]
[Black "Real_taiatai"]
[Result "1-0"]
[WhiteElo "3114"]
[BlackElo "2518"]
[TimeControl "180+1"]
[EndTime "14:04:38 PDT"]
[Termination "DanielNaroditsky won by resignation"]

1. e4 e5 2. Nf3 Nc6 3. Nc3 Nf6 4.
d4 exd4 5. Nd5 Be7 6. Bd3 d6 7. h3 O-O 8. O-O Re8 9. Nxe7+ Qxe7 10. Re1 h6 11. b3 Nd7 12. Bb2 Nc5 13. Nxd4 Nxd4 14. Bxd4 Nxd3 15. cxd3 Qg5 16. Re3 g6 17. Rg3 Qh4 18. Qf3 Qe7 19. Bf6 Qe6 20. Qf4 Kh7 21. Rg4 h5 22. Rg5 a5 23. Rxh5+ gxh5 24. Qg5 Qxf6 25.
Qxf6 Be6 26. f4 Rg8 27. f5 Bd7 28. Qxf7+ Rg7 29. Qxh5+ Kg8 30. f6 Rf7 31. Qg6+ Kf8 32. Rf1 Re8 33. Rf4 Re6 34. Qh6+ Ke8 35. Qh8+ Rf8 36.
f7+ Ke7 37. Qh4+ 1-0

[Event "Late-Titled-Tuesday-Blitz-August-29-2023"]
[Site "Chess.com"]
[Date "2023.08.29"]
[Round "1"]
[White "Emp3rador"]
[Black "rasmussvane"]
[Result "0-1"]
[WhiteElo "2501"]
[BlackElo "2983"]
[TimeControl "180+1"]
[EndTime "14:04:41 PDT"]
[Termination "rasmussvane won by resignation"]

1. e4 c6 2. d4 d5 3. exd5 cxd5 4. Bd3 Nc6 5. c3 Nf6 6. h3 g6 7. Qc2 Qc7 8. Nf3 Bg7 9. O-O O-O 10. Re1 Bd7 11. Bg5 Rac8 12. a3 Rfe8 13. Nbd2 h6 14. Bh4 Nh5 15. Nf1 Nf4 16. Bg3 g5 17.
Bh7+ Kh8 18. Ne3 e6 19. Bd3 Qb6 20. Bxf4 gxf4 21. Ng4 0-1

[Event "Late-Titled-Tuesday-Blitz-August-29-2023"]
[Site "Chess.com"]
[Date "2023.08.29"]
[Round "1"]
[White "tarno17"]
[Black "djano"]
[Result "0-1"]
[WhiteElo "2172"]
[BlackElo "2551"]
[TimeControl "180+1"]
[EndTime "14:04:41 PDT"]
[Termination "djano won on time"]

1. e4 g6 2. d4 Bg7 3. Nc3 a6 4.
Be3 b5 5. Qd2 Bb7 6. a3 d6 7. f4 Nd7 8. Nf3 c5 9. d5 Ngf6 10. g3 b4 11. axb4 cxb4 12. Na4 Nxe4 13. Qxb4 Bxd5 14. Nb6 Nxb6 15. Bxb6 Qc8 16. Bb5+ axb5 17.
Qxb5+ Kf8 0-1

[Event "Late-Titled-Tuesday-Blitz-August-29-2023"]
[Site "Chess.com"]
[Date "2023.08.29"]
[Round "1"]
[White "OparinGrigoriy"]
[Black "szachmistrz2500"]
[Result "1-0"]
[WhiteElo "2974"]
[BlackElo "2501"]
[TimeControl "180+1"]
[EndTime "14:04:46 PDT"]
[Termination "OparinGrigoriy won by resignation"]

1. d4 Nf6 2. c4 g6 3. Nc3 Bg7 4. e4 d6 5. h3 O-O 6. Bg5 Nbd7 7. Nf3 h6 8. Be3 e5 9. d5 Nc5 10. Nd2 a5 11. Be2 Ne8 12. Qc2 f5 13. f3 f4 14.
Bf2 Qg5 15. Rg1 Bd7 16. O-O-O Nf6 17. Nb5 Rfc8 18. Kb1 Nh5 19. Rc1 Ng3 20. Bd1 h5 21. Ka1 h4 22. Nb1 Bf8 23. Qd2 Qf6 24. N1c3 c6 25. Na3 Be7 26. Bxc5 dxc5 27. Ba4 Rd8 28.
Rgd1 Be8 29. Qf2 b6 30. dxc6 Bxc6 31. Bxc6 Qxc6 32. Nd5 Kf7 33. Rd3 Rd7 34. Rcd1 Rad8 35. Nb5 Bf8 36. a3 g5 37. R1d2 Nh5 38. Qe1 Ke6 39.
Qd1 Kf7 40. Nxf4 Rxd3 41. Nxd3 Bg7 42. Nxe5+ 1-0

[Event "Late-Titled-Tuesday-Blitz-August-29-2023"]
[Site "Chess.com"]
[Date "2023.08.29"]
[Round "1"]
[White "leschebaza"]
[Black "alexrustemov"]
[Result "0-1"]
[WhiteElo "2469"]
[BlackElo "2882"]
[TimeControl "180+1"]
[EndTime "14:04:46 PDT"]
[Termination "alexrustemov won by resignation"]

1. d4 g6 2. c4 Bg7 3. Nc3 c5 4. d5 Bxc3+ 5. bxc3 f5 6. h4 Nf6 7. h5 Rg8 8. hxg6 hxg6 9. Nf3 Qa5 10. Qc2 d6 11. e3 Nbd7 12. Rb1 Nb6 13. Be2 Bd7 14.
Nd2 O-O-O 15. Bb2 Rh8 16. O-O Rh6 17. f4 Rdh8 18. e4 fxe4 19. Nxe4 Bf5 20. Bd3 Ng4 21. Ng3 Ne3 22. Bxf5+ gxf5 23. Qd3 Nxf1 24. Qxf5+ Kb8 25. Rxf1 Qxa2 26. Bc1 Qxc4 27. Be3 Nxd5 28. Bf2 Nxf4 29. Qd7 Qd5 0-1

[Event "Late-Titled-Tuesday-Blitz-August-29-2023"]
[Site "Chess.com"]
[Date "2023.08.29"]
[Round "1"]
[White "NigelDwarf"]
[Black "PNEPaul"]
[Result "1-0"]
[WhiteElo "2522"]
[BlackElo "1883"]
[TimeControl "180+1"]
[EndTime "14:04:47 PDT"]
[Termination "NigelDwarf won by resignation"]

1. Nf3 a6 2. e4 d6 3. d4 g6 4. c4 Bg7 5. Nc3 Nd7 6. Be3 h6 7. Be2 e5 8. d5 Ne7 9. g4 O-O 10. Rg1 Nf6 11. Nd2 g5 12. f3 Ng6 13. b4 Nf4 14. c5 Nxe2 15. Kxe2 Bd7 16. Qb3 Qc8 17.
Rac1 Nxg4 18. fxg4 Bxg4+ 19. Kd3 f5 20. cxd6 fxe4+ 21. Ncxe4 Kh7 22. Rxc7 Qf5 23. Rf1 Qg6 24. Rxf8 Rxf8 25.
d7 Rd8 26. Rxb7 Bxd7 27. a4 Bf5 28. Qc4 Rc8 29. Rc7 Rd8 30. Kc3 1-0

[Event "Late-Titled-Tuesday-Blitz-August-29-2023"]
[Site "Chess.com"]
[Date "2023.08.29"]
[Round "1"]
[White "Jumbo"]
[Black "AleksanderHnydiuk"]
[Result "1-0"]
[WhiteElo "2947"]
[BlackElo "2495"]
[TimeControl "180+1"]
[EndTime "14:04:49 PDT"]
[Termination "Jumbo won by resignation"]

1. Nf3 Nf6 2. c4 e6 3. Nc3 Bb4 4. Qb3 c5 5. g3 O-O 6. Bg2 Nc6 7. a3 Ba5 8. O-O d5 9. d3 d4 10. Na4 Nd7 11. e3 e5 12. exd4 cxd4 13. Qc2 Bc7 14. b4 a5 15. b5 Ne7 16. c5 Nf6 17. Re1 Ng6 18. Nd2 Nd5 19. Nc4 Be6 20. b6 Bb8 21.
Bd2 Qd7 22. Nxa5 Rc8 23. c6 Rxc6 24. Nxc6 bxc6 25. Nc5 1-0